 Dungeon Crawl Stone Soup version 0.31.0-11-ge490571c62 (webtiles) character file.

Game seed: 1223791288817524945

6756 cdecastro the Mimic (level 10, 0/93 HPs)
             Began as a Green Draconian Shapeshifter on Jan 27, 2024.
             Was an Initiate of Gozag.
             Engulfed by a fire crab (shapeshifter)'s flame (21 damage)
             ... on level 9 of the Dungeon.
             The game lasted 00:17:23 (8291 turns).

cdecastro the Mimic (Green Draconian Shapeshifter)  Turns: 8291, Time: 00:17:24

Health: 0/93       AC: 11    Str: 18    XL:     10   Next: 75%
Magic:  10/10      EV: 19    Int: 10    God:    Gozag
Gold:   956        SH:  5    Dex: 14    Spells: 9/9 levels left

rFire   . .          .
                       - Unarmed
rCold   . . .        (shield currently unavailable)
rNeg    . . .        (body armour unavailable)
rPois   +            (helmet restricted)
rElec   .            (no cloak)
rCorr   +            D - +2 pair of gloves
SInv    .            e - +0 pair of boots
Will    .....        m - amulet of reflection
Stlth   +            q - ring of resist corrosion
HPRegen 0.35/turn    s - ring of flight
MPRegen 0.12/turn

%: reflection
@: short of breath, flux-form, gold aura, flying, glowing
A: glow, contaminating, breathe noxious fumes, AC +7, unfitting armour, poison
resistance, cold-blooded
a: Breathe Noxious Fumes, Begin Untransformation, Renounce Religion, Potion
Petition, Call Merchant, Bribe Branch


You were on level 9 of the Dungeon.
You worshipped Gozag.
Gozag was pleased with you.
You were something dangerously unstable.
You visited 2 branches of the dungeon, and saw 10 of its levels.

You collected 1277 gold pieces.
You spent 45 gold pieces at shops.
You paid 276 gold pieces to Gozag.

Inventory:

Hand Weapons
 J - a +3 dagger
 L - the +9 lance "Wyrmbane" {slay drac, rPois rF+ rC+ AC+3}
   (You found it on level 8 of the Dungeon)

   AC+3:      It affects your AC (+3).
   rF+:       It protects you from fire.
   rC+:       It protects you from cold.
   rPois:     It protects you from poison
Missiles
 M - 2 throwing nets (quivered)
Armour
 e - a +0 pair of boots (worn)
 D - a +2 pair of gloves (worn)
 F - a +0 cloak
Jewellery
 m - an amulet of reflection (around neck)
 q - a ring of resist corrosion (left hand)
 s - a ring of flight (right hand)
 N - an amulet of regeneration
Talismans
 b - a beast talisman
 c - a flux talisman (active)
 l - a blade talisman
 P - a serpent talisman
Wands
 r - a wand of polymorph (7)
 u - a wand of digging (4)
 x - a wand of flame (46)
 A - a wand of iceblast (14)
 H - a wand of mindburst (7)
 O - a wand of charming (5)
Scrolls
 f - 8 scrolls of identify {unknown}
 g - a scroll of fear {unknown}
 k - 5 scrolls of teleportation {unknown}
 n - a scroll of blinking {unknown}
 o - 3 scrolls of immolation {unknown}
 p - 2 scrolls of amnesia {unknown}
 t - a scroll of noise {unknown}
 v - 2 scrolls of fog {unknown}
 y - 2 scrolls of poison {unknown}
 z - 2 scrolls of silence {unknown}
 B - 2 scrolls of enchant armour {unknown}
 E - 2 scrolls of brand weapon {unknown}
 I - a scroll of vulnerability {unknown}
Potions
 a - 2 potions of lignification
 d - 3 potions of ambrosia {unknown}
 h - a potion of attraction {unknown}
 i - 3 potions of berserk rage {unknown}
 j - 2 potions of heal wounds {unknown}
 w - 3 potions of curing {unknown}
 C - a potion of invisibility {unknown}
 G - a potion of haste {unknown}
 K - a potion of magic {unknown}


   Skills:
 - Level 10.1 Fighting
 * Level 7.0 Dodging
 - Level 1.7 Stealth
 - Level 4.5 Unarmed Combat
 + Level 10.5 Shapeshifting


You had 9 spell levels left.
You didn't know any spells.
Your spell library contained the following spells:

 Spells                   Type           Power      Damage    Failure   Level
 Kiss of Death            Conj/Necr      0%         2d5       36%         1
 Sting                    Conj/Alch      0%         1d3       36%         1
 Mercury Vapours          Alch/Air       0%         N/A       50%         2
 Confusing Touch          Hex            0%         N/A       75%         3
 Fugue of the Fallen      Necr           0%         N/A       75%         3
 Mephitic Cloud           Conj/Alch/Air  0%         N/A       75%         3
 Ozocubu's Armour         Ice            0%         N/A       75%         3
 Anguish                  Hex/Necr       0%         N/A       98%         4
 Cause Fear               Hex            0%         N/A       98%         4
 Dispel Undead            Necr           0%         3d6       98%         4
 Manifold Assault         Tloc           0%         N/A       98%         4
 Olgreb's Toxic Radiance  Alch           0%         N/A       98%         4
 Freezing Cloud           Conj/Ice/Air   0%         6-21      100%        5
 Enfeeble                 Hex            0%         N/A       100%        7


Dungeon Overview and Level Annotations

Branches:
Dungeon (9/15)             Temple (1/1) D:6
   Lair: D:8-11         Orc: D:9-12

Altars:
Ashenzari
Cheibriados
Dithmenos
Elyvilon
Fedhas
Gozag
Hepliaklqana
Kikubaaqudgha
Makhleb
Nemelex Xobeh
Okawaru
Qazlal
Sif Muna
Uskayaw
Vehumet
Wu Jian
Xom
Yredelemnul
Zin
The Shining One

Shops:
D:3 (   D:4 *   D:5 ((

Portals:
Abyss: D:7

Annotations:
D:2 1 runed translucent door, Crazy Yiuf
D:6 3 runed translucent doors, SPORTSBETTER's ghost, novice MiBe
D:7 2 transporters, HakonGodeson's ghost, novice HuFi


Innate Abilities, Weirdness & Mutations

You are something dangerously unstable.
You glow with magical radiation, making you easy to see and hit.
Foes you strike become dangerously contaminated with magical radiation.
You are incapable of wielding weapons or throwing items.
You can breathe blasts of noxious fumes.
Your lurid green scales are hard. (AC +7)
You cannot fit into any form of body armour.
Your system is resistant to poisons. (rPois)
You are cold-blooded and may be slowed by cold attacks.


Message History

Unknown command.
Okay, then.
Unknown command.
Okay, then.
Unknown command.
You hit the red ugly thing but do no damage.
The red ugly thing shudders as magic cascades through it!!
The red ugly thing basks in the mutagenic energy and changes!
You tail-slap the purple ugly thing, but do no damage.
The purple ugly thing is almost dead.
You hit the purple ugly thing.
The purple ugly thing begins to glow.
You tail-slap the purple ugly thing.
You kill the purple ugly thing!
The unseen horror simulacrum hits you but does no damage.
The unseen horror simulacrum completely misses you.
Your Dodging skill increases to level 7!
Press: ? - help, v - describe, . - travel, g - get item
Here: an unseen horror simulacrum Item here: 3 gold pieces.
The floor.
Unknown command.
Unknown command.
Unknown command.
Okay, then.
Unknown command.
Okay, then.
Unknown command. [a] - 319 gold - curing and magic [b] - 130 gold - heal wounds [c] - 360 gold - invisibility and might Purchase which effect?
You feel much better.
The unseen horror simulacrum misses you. x2
A fire crab comes into view.
The fire crab breathes flames at you. The blast of flame engulfs you.
* * * LOW HITPOINT WARNING * * *
You are engulfed in blazing flames.
You die...
Your body crumbles into a pile of gold.

#....)#........#..##.
###.####....##...####
##.....###...##..####.
##...#...###.....##
#.#
##).##.##..########
#.# #..##...##..# #)#
#...#○..#...# #.#
#..##○○○##..# #.#
#...#○○p#...# . #.#
#..##○○○##..# .. #.#
##..##○##..####.# .##
##...#Z..###..# # #
##...t.###..###. #
###$####.#us... #
#.##Z##...# ###
#....s#.#.# #..
##.##.$## Kh ###


There were no monsters in sight!

Vanquished Creatures
  A two-headed ogre (D:9)
  Pikel (D:7)
  An ugly thing (D:9)
  A meliai (D:9)
  A troll (D:9)
  2 hornets
  Sigmund (D:3)
  2 wraiths
  2 wyverns
  2 yaks (D:9)
  A steam dragon (D:8)
  A vampire mosquito (D:9)
  A water moccasin (D:6)
  An ice beast (D:7)
  An orc warrior (D:9)
  A sky beast (D:8)
  A black bear (D:6)
  6 centaurs
  A lemure (D:7)
  4 kobold brigands
  3 bullfrogs
  5 scorpions
  A gnoll sergeant (D:9)
  5 wights
  5 killer bees
  5 howler monkeys
  A centaur zombie (D:9)
  A hound (D:5)
  A gnoll bouda (D:8)
  2 bombardier beetles
  3 orc priests
  2 sleepcaps (D:5)
  2 iguanas
  3 orc wizards
  9 gnolls
  5 adders
  A white imp (D:8)
  5 ufetubi
  2 dart slugs
  A ribbon worm (D:4)
  21 orcs
  10 bats
  6 endoplasms
  2 giant cockroaches
  8 hobgoblins
  8 jackals
  3 quokkas
  8 ball pythons
  3 frilled lizards
  4 goblins
  13 kobolds
  9 rats
189 creatures vanquished.

Notes
Turn   | Place    | Note
-------+----------+-------------------------------------------
     0 | D:1      | cdecastro the Draconian Shapeshifter began the quest for
                  | the Orb.
     0 | D:1      | Reached XP level 1. HP: 16/16 MP: 1/1
   195 | D:1      | Reached XP level 2. HP: 23/23 MP: 2/2
  1136 | D:1      | Reached XP level 3. HP: 15/28 MP: 3/3
  1553 | D:2      | Found a runed translucent door.
  1554 | D:2      | Noticed Crazy Yiuf
  1920 | D:3      | Reached XP level 4. HP: 33/35 MP: 4/4
  1974 | D:3      | Noticed Sigmund
  1992 | D:3      | Killed Sigmund
  1993 | D:3      | Reached skill level 5 in Shapeshifting
  1993 | D:3      | Reached XP level 5. HP: 6/40 MP: 5/5
  1995 | D:3      | HP: 3/60 [poisoned by Sigmund]
  1998 | D:3      | HP: 1/60 [poisoned by Sigmund]
  2392 | D:3      | Found Vakyed's Weapon Shoppe.
  2409 | D:3      | Reached XP level 6. HP: 47/47 MP: 6/6
  2648 | D:3      | Found a faded altar of an unknown god.
  3643 | D:4      | Found Buog Toe's Assorted Antiques.
  3654 | D:4      | Bought a scroll labelled MEAFESCHEHORGH for 24 gold pieces
  3654 | D:4      | Bought a fuming green potion for 21 gold pieces
  3691 | D:4      | Your scales start taking on a lurid green colour.
  3691 | D:4      | Reached XP level 7. HP: 23/56 MP: 7/7
  3691 | D:4      | Gained mutation: Your system is resistant to poisons.
                  | (rPois) [Green Draconian growth]
  3936 | D:5      | Entered Level 5 of the Dungeon
  3965 | D:5      | Found Ariugos's Weapon Shoppe.
  3990 | D:5      | Noticed a wyvern
  4004 | D:5      | Killed a wyvern
  4370 | D:5      | Found Dyohuo's Weapon Emporium.
  4847 | D:6      | Reached XP level 8. HP: 64/67 MP: 8/8
  4919 | D:6      | Found a runed translucent gate.
  4920 | D:6      | Found a runed translucent gate.
  4921 | D:6      | Found a runed translucent gate.
  4922 | D:6      | Found an opulent altar of Gozag.
  4923 | D:6      | Noticed a cyclops
  4923 | D:6      | Noticed SPORTSBETTER's ghost (novice MiBe)
  4945 | D:6      | Found a staircase to the Ecumenical Temple.
  4958 | Temple   | Entered the Ecumenical Temple
  4974 | Temple   | Became a worshipper of Gozag Ym Sagoz the Greedy
  5149 | D:6      | Reached skill level 5 in Fighting
  5193 | D:6      | Reached skill level 1 in Stealth
  5444 | D:7      | Found a transporter.
  5523 | D:7      | Noticed Pikel
  5546 | D:7      | Noticed HakonGodeson's ghost (novice HuFi)
  5572 | D:7      | Killed Pikel
  5833 | D:7      | Found a one-way gate to the infinite horrors of the Abyss.
  5896 | D:7      | Found a hide-covered altar of Uskayaw.
  6051 | D:7      | Reached XP level 9. HP: 75/80 MP: 9/9
  6320 | D:7      | Found a transporter.
  6514 | D:8      | Noticed Maggie
  6735 | D:8      | Maggie changed into Maggie the scorpion
  6735 | D:8      | Noticed Maggie
  6782 | D:8      | Killed Maggie the scorpion
  7625 | D:8      | Found a radiant altar of Vehumet.
  7637 | D:8      | Identified the +0 leather armour "Qecvih" {rN+ rCorr}
  7644 | D:8      | Found a shadowy altar of Dithmenos.
  7650 | D:8      | Reached skill level 10 in Fighting
  7706 | D:9      | Found a snail-covered altar of Cheibriados.
  7751 | D:9      | Noticed a troll
  7762 | D:9      | Killed a troll
  7871 | D:9      | Reached XP level 10. HP: 93/93 MP: 10/10
  8006 | D:9      | Noticed a two-headed ogre
  8020 | D:9      | Killed a two-headed ogre
  8054 | D:9      | Reached skill level 5 in Dodging
  8112 | D:9      | Reached skill level 10 in Shapeshifting
  8238 | D:9      | Noticed a meliai
  8245 | D:9      | Killed a meliai
  8263 | D:9      | Noticed a purple ugly thing
  8283 | D:9      | HP: 4/93 [red ugly thing (14)]
  8286 | D:9      | Killed a purple ugly thing
  8288 | D:9      | Noticed a fire crab
  8291 | D:9      | Engulfed by a fire crab (shapeshifter)'s flame

Illustrated notes

Levels and vault maps discovered:
D:1:      giann_wishing_wells, layout_basic, minmay_shallow_snake_nest
D:2:      layout_loops_ring, uniq_crazy_yiuf_cottage
D:3:      layout_loops_ring, serial_shops, shop,
          dreamdust_ecumenical_altar_angels_and_demons, uniq_sigmund
D:4:      layout_cave_pools, serial_shops, nicolae_shop_tiny_glass
D:5:      layout_cave_pools, serial_shops, nicolae_shop_trees,
          nicolae_shop_bloodbath_and_beyond, lemuel_flamethrower_2
D:6:      layout_gridville, minmay_temple_entry_offerings, ebering_ghost_gozag
D:7:      kennysheep_spiral_hall, layout_loops_corners,
          eat_drink_and_be_merry_uskayaw, gammafunk_ghost_abyssal_escape,
          uniq_pikel
D:8:      layout_loops_corners, jmf_multi_god_temple2, uniq_maggie
D:9:      minmay_the_grid_octo_tiled_squarecenter
          [minmay_the_grid_octo_tetromino_candy, minmay_the_grid_octo_chip,
          minmay_the_grid_octo_focus, minmay_the_grid_octo_toaster,
          minmay_the_grid_square_5x5_megaprize_open,
          minmay_the_grid_square_5x5_misaligned,
          minmay_the_grid_square_5x5_forky,
          minmay_the_grid_square_5x5_eight_small,
          minmay_the_grid_square_5x5_doubleslash], layout_cave_pools,
          kennysheep_slug_shrine, serial_undead, serial_undead_c,
          serial_undead_a, serial_undead_b, serial_undead_f
Temple:   nicolae_temple_bog_church

Skill      XL: |  1  2  3  4  5  6  7  8  9 10 |
---------------+-------------------------------+-----
Shapeshifting  | 4 5 6 7 8 9 10 | 10.5
Unarmed Combat | 4 |  4.5
Fighting       | 2 4 7 10 | 10.1
Stealth        | 1 |  1.7
Dodging        | 3 7 |  7.0

Action                     |  1- 3 |  4- 6 |  7- 9 | 10-12 || total
---------------------------+-------+-------+-------+-------++-------
  Melee: Unarmed           |   143 |   128 |   345 |   119 ||   735
         Tailslap          |    14 |    17 |    63 |    25 ||   119
         Punch             |     1 |     5 |     4 |       ||    10
 Invoke: Potion Petition   |       |       |       |     1 ||     1
Ability: Breathe Noxious F |       |       |     4 |     2 ||     6
  Evoke: Wand              |       |       |     3 |       ||     3
    Use: Potion            |       |     1 |       |       ||     1
   Stab: Sleeping          |       |     1 |       |       ||     1
         Confused          |       |       |     2 |     3 ||     5
 Armour: Skin              |    68 |    63 |   167 |    58 ||   356
  Dodge: Dodged            |    97 |    62 |   265 |    67 ||   491
  Block: Other             |    11 |    18 |    82 |    19 ||   130
         Reflection        |       |       |     2 |     1 ||     3
   Form: Flux              |       |       |     1 |       ||     1
